 Dungeon Sprint DCSS version 0.24-a0-132-ge4b1dce (webtiles) character file.

Game seed: 14822863614504522897

1114 Faca the Quickloader (level 8, 0/72 HPs)
             Began as a Formicid Hunter on Feb 27, 2019.
             Was a High Priest of the Shining One.
             Slain by a water elemental (1 damage)
             ... in the Dungeon (Sprint V: "Ziggurat Sprint").
             The game lasted 00:03:32 (597 turns).

Faca the Quickloader (Formicid Hunter)               Turns: 597, Time: 00:03:32

Health: 0/72       AC:  9    Str: 30    XL:     8   Next: 60%
Magic:  8/8        EV: 11    Int: 12    God:    the Shining One [*****.]
Gold:   0          SH: 15    Dex: 11    Spells: 7/7 levels left

rFire    + . .     SeeInvis +   o - +9 heavy crossbow "Sniper" {velocity, Acc+∞ SInv}
rCold    . . .     Gourm    .   n - +3 shield
rNeg     + + .     Faith    .   E - +3 ring mail {rF+}
rPois    .         Spirit   .   (helmet unavailable)
rElec    .         Reflect  .   (no cloak)
rCorr    .         Harm     .   (no gloves)
MR       .....                  (no boots)
Stlth    +.........             (no amulet)
HPRegen  0.22/turn              x - +6 ring of strength
MPRegen  0.11/turn              w - +6 ring of strength

@: lethally poisoned (0 -> -9), engulfed (cannot breathe), glowing
A: permanent stasis, dig shafts and tunnels, four strong arms, antennae 3
a: Dig, Divine Shield, Cleansing Flame, Summon Divine Warrior, Renounce Religion


You were in the Dungeon.
You worshipped the Shining One.
The Shining One was extremely pleased with you.
You were not hungry.

You visited 1 branch

Inventory:

Hand Weapons
 o - the +9 heavy crossbow "Sniper" (weapon) {velocity, Acc+∞ SInv}
   (You found it in the Dungeon)

   Any bolt fired from it inflicts extra damage.
   It lets you see invisible.
 r - the +8 lance "Wyrmbane" {slay drac, rPois rF+ rC+ AC+3}
   (You found it in the Dungeon)

   It affects your AC (+3).
   It protects you from fire.
   It protects you from cold.
   It protects you from poison.
Missiles
 d - 1012 bolts (quivered)
Armour
 l - +5 gold dragon scales
 m - a +3 large shield
 n - a +3 shield (worn)
 p - the +15 Maxwell's patent armour {-Cast -Tele rElec MR+ rCorr}
   (You found it in the Dungeon)

   It insulates you from electricity.
   It affects your resistance to hostile enchantments.
   It prevents spellcasting.
   It prevents most forms of teleportation.
   It provides partial protection from all sources of acid and corrosion.
 q - the +18 shield of the Gong {rElec rN+ MR+ EV-5}
   (You found it in the Dungeon)

   It affects your evasion (-5).
   It insulates you from electricity.
   It protects you from negative energy.
   It affects your resistance to hostile enchantments.
 E - a +3 ring mail of fire resistance (worn)
Jewellery
 s - a +6 ring of dexterity
 t - a +6 ring of dexterity
 u - a +6 ring of intelligence
 v - a +6 ring of intelligence
 w - a +6 ring of strength (right hand)
 x - a +6 ring of strength (left hand)
Wands
 y - a wand of disintegration (7)
 z - a wand of iceblast (7)
 A - a wand of acid (7)
Scrolls
 k - 4 scrolls of blinking
 H - 4 scrolls of amnesia
 I - 7 scrolls of fog
 J - a scroll of holy word
 K - 5 scrolls of identify
 L - 5 scrolls of remove curse
 M - 2 scrolls of fear
Potions
 e - 10 potions of curing
 g - 10 potions of heal wounds
 h - 6 potions of haste
 i - 7 potions of magic
 j - 3 potions of berserk rage
 B - 2 potions of brilliance
 C - 2 potions of invisibility
 D - 4 potions of resistance
 F - 5 potions of agility
 G - 5 potions of might
Comestibles
 f - a ration


   Skills:
 + Level 9.9 Fighting
 + Level 12.0 Crossbows
 + Level 6.8 Armour
 - Level 1.7 Dodging
 - Level 8.0 Stealth
 + Level 7.5 Shields


You had 7 spell levels left.
You didn't know any spells.
Your spell library was empty.

Dungeon Overview and Level Annotations

Branches:
Dungeon (1/1)

Altars:
Ashenzari
Cheibriados
Dithmenos
Elyvilon
Fedhas
Gozag
Hepliaklqana
Kikubaaqudgha
Makhleb
Nemelex Xobeh
Okawaru
Qazlal
Ru
Sif Muna
Trog
Uskayaw
Vehumet
Wu Jian
Xom
Yredelemnul
Zin
The Shining One
Beogh
Jiyva
Lugonu

Annotations:
D 1 transporter


Innate Abilities, Weirdness & Mutations

You cannot be hasted, slowed, berserked, paralysed or teleported.
You can dig through walls and to a lower floor.
Your four strong arms can wield two-handed weapons with a shield.
You have a pair of large antennae on your head. (SInv)


Message History

The deep elf mage mumbles some strange words.
Firing (i - inventory)
d - 1013 bolts (quivered)
Press: ? - help, Shift-Dir - straight line, f - deep elf mage
Aim: a deep elf mage, wielding a +0 rapier and wearing a +0 leather armour (haloed)
You shoot a bolt. The bolt hits the deep elf mage!
The deep elf mage is moderately wounded.
Your lungs strain for air!
You feel very sick. The fire elemental closely misses you.
The fire elemental hits you. The fire elemental burns you! You resist.
* * * LOW HITPOINT WARNING * * *
The water elemental hits you!
* * * LOW HITPOINT WARNING * * *
The deep elf mage hits you with a +0 rapier.
* * * LOW HITPOINT WARNING * * *
You block the fire elemental's attack. The fire elemental hits you.
* * * LOW HITPOINT WARNING * * *
The fire elemental burns you! You resist.
The Shining One protects you from harm! The water elemental hits you.
You die...

▓..©..▓..©..▓▓▓▓▓▓▓
▓▓▓▓▓▓▓▓▓▓▓▓▓▓▓▓▓▓▓
▓..8©8...▓..8©8...▓
▓..:})...▓...|[...▓
▓........▓..).=...▓
▓........▓....(.e.▓
▓........▓..°.....▓
▓....)...▓..EEE☼..▓
▓...©†...▓...@eE..▓
▓▓▓▓▓▓▓▓▓▓▓▓▓▓▓▓▓▓▓


{{{{ {{{ {{{ {{{ You could see a water elemental, 2 deep elf magi and 3 fire
elementals.

Vanquished Creatures
  A deep elf knight (D)
  A spiny frog (shapeshifter) (D)
  A hell hound (D)
  A crimson imp (D)
  2 iron imps (D)
  3 adders (D)
  A white imp (D)
  An ufetubus (D)
  2 oozes (D)
  2 bat skeletons (D)
15 creatures vanquished.

Notes
Turn   | Place    | Note
-------+----------+-------------------------------------------
     0 | D        | Found the +6 Majin-Bo {vamp, Archmagi MP+6 Int+6}
     0 | D        | Found the +7 great mace "Firestarter" {inner flame, rF++}
     0 | D        | Faca the Formicid Hunter began the quest for the Orb.
     0 | D        | Reached XP level 1. HP: 16/16 MP: 1/1
     3 | D        | Found a blossoming altar of Fedhas.
    10 | D        | Found a viscous altar of Jiyva.
    10 | D        | Found a hazy altar of Hepliaklqana.
    10 | D        | Found a transporter.
    10 | D        | Found an opulent altar of Gozag.
    10 | D        | Found an ancient bone altar of Kikubaaqudgha.
    10 | D        | Found a corrupted altar of Lugonu.
    16 | D        | Found a burning altar of Makhleb.
    17 | D        | Found a stormy altar of Qazlal.
    17 | D        | Found an iron altar of Okawaru.
    17 | D        | Found a sacrificial altar of Ru.
    17 | D        | Found a sparkling altar of Nemelex Xobeh.
    17 | D        | Found a deep blue altar of Sif Muna.
    17 | D        | Found a bloodstained altar of Trog.
    21 | D        | Found the +9 heavy crossbow "Sniper" {velocity, Acc+∞ SInv}
    21 | D        | Found the +10 dark maul {crush}
    21 | D        | Found the +15 Maxwell's patent armour {-Cast -Tele rElec
                  | MR+ rCorr}
    21 | D        | Found the +18 shield of the Gong {rElec rN+ MR+ EV-5}
    21 | D        | Found the cursed +14 obsidian axe {chop, +Fly SInv *Curse}
    23 | D        | Found the +6 shillelagh "Devastator" {shatter}
    23 | D        | Found the +11 plutonium sword {*Contam Stlth-}
    23 | D        | Found the +8 lance "Wyrmbane" {slay drac, rPois rF+ rC+
                  | AC+3}
    23 | D        | Found the +9 sword of Zonguldrok {reap}
    23 | D        | Found the cursed +13 scythe of Curses {drain, *Curse}
    23 | D        | Found the +0 sword of Power
    23 | D        | Found the +7 mace of Variability {chain chaos}
    23 | D        | Found the +7 Singing Sword {slice, sonic wave}
    23 | D        | Found the +7 longbow "Piercer" {penet, EV-2}
    52 | D        | Reached skill level 8 in Crossbows
    52 | D        | Reached XP level 2. HP: 22/22 MP: 2/2
    59 | D        | Became a worshipper of the Shining One
    72 | D        | Entered arena 2.
    72 | D        | Found a transporter.
    73 | D        | Found the +12 Vampire's Tooth {vamp}
   125 | D        | Entered arena 3.
   125 | D        | Reached * piety under the Shining One
   125 | D        | Found a transporter.
   127 | D        | Reached XP level 3. HP: 29/29 MP: 3/3
   425 | D        | Entered arena 4.
   425 | D        | Reached ** piety under the Shining One
   425 | D        | Found a transporter.
   426 | D        | Reached *** piety under the Shining One
   426 | D        | Reached skill level 9 in Crossbows
   426 | D        | Reached XP level 4. HP: 37/37 MP: 4/4
   429 | D        | Reached skill level 5 in Stealth
   431 | D        | Reached skill level 5 in Fighting
   431 | D        | Reached XP level 5. HP: 28/44 MP: 5/5
   565 | D        | Entered arena 5.
   565 | D        | Reached **** piety under the Shining One
   565 | D        | Noticed a hell hound
   565 | D        | Found a transporter.
   566 | D        | Reached ***** piety under the Shining One
   568 | D        | Killed a hell hound
   568 | D        | Reached skill level 10 in Crossbows
   568 | D        | Reached XP level 6. HP: 52/55 MP: 6/6
   593 | D        | Entered arena 6.
   593 | D        | Noticed a deep elf mage
   593 | D        | Noticed a spiny frog
   593 | D        | Noticed a deep elf mage
   593 | D        | Noticed a water elemental
   593 | D        | Noticed a deep elf knight
   593 | D        | Found a transporter.
   595 | D        | Noticed a fire elemental
   595 | D        | Killed a deep elf knight
   595 | D        | Reached skill level 11 in Crossbows
   595 | D        | Reached skill level 5 in Armour
   595 | D        | Reached XP level 7. HP: 64/64 MP: 7/7
   595 | D        | Reached XP level 8. HP: 71/71 MP: 8/8
   596 | D        | Killed a spiny frog
   596 | D        | Reached skill level 12 in Crossbows
   597 | D        | Noticed a fire elemental
   597 | D        | Noticed a fire elemental
   597 | D        | HP: 2/72 [deep elf mage/+0 rapier (3)]
   597 | D        | The Shining One protects you from harm!
   597 | D        | Slain by a water elemental

Levels and vault maps discovered:
D:        sprint_v [room_start, room_1, room_2, room_3, room_4, room_5, room_6,
          room_7, room_8, room_9, room_10, room_11, room_12, room_13, room_14,
          room_15, room_16, room_17, room_18, room_19, room_20, room_21,
          room_22, room_23, room_24, room_25, room_26, room_27]

Skill      XL: |  1  2  3  4  5  6  7  8 |
---------------+-------------------------+-----
Crossbows      | 8 9 10 11 12 | 12.0
Stealth        | 2 3 5 7 8 |  8.0
Fighting       | 3 5 7 9 |  9.9
Armour         | 5 6 |  6.8
Shields        | 6 7 |  7.5
Dodging        | |  1.7

Action                   |  1- 3 |  4- 6 |  7- 9 || total
-------------------------+-------+-------+-------++-------
Melee: Lance             |       |     2 |       ||     2
 Fire: Heavy crossbow    |     8 |    10 |     2 ||    20
  Use: Potion            |     1 |       |       ||     1
Armor: Leather armour    |     3 |       |       ||     3
       Ring mail         |       |    23 |     5 ||    28
Dodge: Dodged            |     2 |    10 |     1 ||    13
Block: Shield            |     6 |    18 |     4 ||    28

Table legend:
 A = Non-vault XP
 B = Vault XP
 C = Vault XP percentage of total XP
 D = Non-vault monster count
 E = Vault monster count
 F = Vault count percentage of total count
                 A         B        C        D         E       F
            +---------+---------+-------+---------+---------+-------
      Total |       0 |    1583 | 100.0 |       0 |      15 | 100.0
            +---------+---------+-------+---------+---------+-------
          D |       0 |    1583 | 100.0 |       0 |      15 | 100.0
            +---------+---------+-------+---------+---------+-------
